 Dungeon Crawl Stone Soup version 0.27.1-3-gb3d3a73c9e (webtiles) character file.

Game seed: 6345425928480192729

472 MiernyMiazsz the Covered (level 6, -15/55 HPs)
             Began as a Minotaur Fighter on Oct 18, 2021.
             Demolished by an ogre (17 damage)
             ... on level 5 of the Dungeon.
             The game lasted 00:07:59 (4224 turns).

MiernyMiazsz the Covered (Minotaur Fighter)         Turns: 4224, Time: 00:07:59

Health: -15/55     AC: 11    Str: 22    XL:     6   Next: 83%
Magic:  5/5        EV:  8    Int:  5    God:
Gold:   208        SH: 10    Dex: 10    Spells: 5/5 levels left

rFire    . . .     SeeInvis .   a - +1 long sword (flame)
rCold    . . .     Faith    .   c - +0 kite shield
rNeg     . . .     Spirit   .   b - +0 scale mail
rPois    .         Reflect  .   (helmet restricted)
rElec    .         Harm     .   (no cloak)
rCorr    .         Rampage  .   (no gloves)
Will     .....                  (no boots)
Stlth    ..........             (no amulet)
HPRegen  0.18/turn              o - +4 ring of protection
MPRegen  0.09/turn              v - ring of flight

@: flying
A: horns 2, retaliatory headbutt
a: no special abilities


You were on level 5 of the Dungeon.
You visited 1 branch of the dungeon, and saw 5 of its levels.
You also visited: Sewer.

You collected 208 gold pieces.

Inventory:

Hand Weapons
 a - a +1 long sword of flaming (weapon)
Armour
 b - a +0 scale mail (worn)
 c - a +0 kite shield (worn)
 i - the -4 helmet "Otevik" {rN+ Regen+ Int+3 Dex-5}
   (You found it on level 4 of the Dungeon)

   Int:       It affects your intelligence (+3).
   Dex:       It affects your dexterity (-5).
   rN:        It protects you from negative energy.
   Regen:     It increases your rate of health regeneration.
Jewellery
 o - a +4 ring of protection (left hand)
 p - a ring of protection from fire
 v - a ring of flight (right hand)
Wands
 r - a wand of iceblast (5)
Scrolls
 e - a scroll of amnesia
 g - a scroll of immolation {unknown}
 h - a scroll of summoning {unknown}
 j - 2 scrolls of magic mapping
 l - a scroll of teleportation
 m - a scroll of fear
 n - a scroll of silence
Potions
 d - 3 potions of might
 f - 4 potions of lignification
 k - a potion of invisibility {unknown}


   Skills:
 + Level 4.8 Fighting
 + Level 5.3 Long Blades
 + Level 5.4 Armour
 + Level 2.2 Dodging
 + Level 0.3 Stealth
 + Level 5.2 Shields


You had 5 spell levels left.
You didn't know any spells.
Your spell library contained the following spells:

 Spells                   Type           Power      Damage    Failure   Level
 Magic Dart               Conj           0%         1d3       99%         1
 Passwall                 Tmut/Erth      0%         N/A       100%        2
 Searing Ray              Conj           0%         3d3       100%        2
 Swiftness                Air            0%         N/A       100%        3
 Fulminant Prism          Conj/Hex       0%         3d6       100%        4
 Invisibility             Hex            0%         N/A       100%        6


Dungeon Overview and Level Annotations

Branches:
Dungeon (5/15)             Temple (0/1) D:4           Sewer (visited)

Altars:

Shops:
D:2 (


Innate Abilities, Weirdness & Mutations

You have a pair of horns on your head.
You reflexively headbutt those who attack you in melee.


Message History

Your Long Blades skill increases to level 5!
Your Dodging skill increases to level 2!
You hit the ogre. You burn the ogre.
The ogre is moderately wounded.
The ogre barely misses you. The necrophage hits you.
You feel drained. You block the orc's attack.
You slash the ogre! You burn the ogre. You headbutt the ogre.
The ogre is severely wounded.
You block the ogre's attack.
The necrophage hits you but does no damage.
The iguana bites you but does no damage.
The orc closely misses you. You furiously retaliate!
You headbutt the orc, but do no damage.
You riposte.
You hit the orc but do no damage. The orc hits you but does no damage.
You slash the orc! You burn the orc.
You kill the orc!
The ogre hits you but does no damage. The necrophage closely misses you.
The iguana bites you but does no damage.
The orc hits you with a +0 mace. The necrophage barely misses you.
You block the iguana's attack. The orc hits you but does no damage.
You slash the necrophage! You burn the necrophage.
The necrophage is heavily damaged.
The ogre closely misses you. The necrophage barely misses you.
You furiously retaliate!
You headbutt the necrophage.
You riposte.
You slash the necrophage! You burn the necrophage.
You destroy the necrophage!
The iguana barely misses you. You furiously retaliate!
You headbutt the iguana!
You riposte.
You hit the iguana. You burn the iguana.
The iguana is severely wounded.
The orc hits you with a +0 mace. You block the ogre's attack.
Your life force feels restored.
You closely miss the iguana. Your headbutt misses the iguana.
The iguana is severely wounded.
The iguana bites you. The orc hits you but does no damage. x2
The ogre hits you with a +0 giant club!!
* * * LOW HITPOINT WARNING * * *
The iguana barely misses you.
There is a stone staircase leading up here.
The ogre hits you with a +0 giant club!
You die...

................
.................
.................
.................
.................
.................
........l........
.......@oo.......
.......)O.)......
.................
>................
.................
..........>..!...
.................
.................
...(............


You could see an ogre, an iguana and 2 orcs.

Vanquished Creatures
  A necrophage (D:5)
  A bullfrog (Sewer)
  2 centaur skeletons (D:4)
  A hound (D:4)
  An orc priest (D:5)
  11 adders
  A white imp (D:3)
  4 orcs
  17 ball pythons
  10 endoplasms
  10 giant cockroaches
  4 goblins
  5 hobgoblins
  7 jackals
  7 quokkas (Sewer)
  3 bats
  9 frilled lizards
  7 kobolds
  3 rats
104 creatures vanquished.

Notes
Turn   | Place    | Note
-------+----------+-------------------------------------------
     0 | D:1      | MiernyMiazsz the Minotaur Fighter began the quest for the
                  | Orb.
     0 | D:1      | Reached XP level 1. HP: 19/19 MP: 0/0
    96 | D:1      | Found a faded altar of an unknown god.
   299 | D:1      | Reached XP level 2. HP: 27/27 MP: 1/1
   797 | D:2      | Found Vuter's Antique Weapon Shop.
  1686 | D:2      | Reached XP level 3. HP: 33/33 MP: 2/2
  2230 | D:3      | Reached XP level 4. HP: 41/41 MP: 3/3
  2987 | D:4      | Found a staircase to the Ecumenical Temple.
  3018 | D:4      | Found a glowing drain.
  3061 | Sewer    | Entered a sewer
  3451 | Sewer    | Reached XP level 5. HP: 47/47 MP: 4/4
  3461 | Sewer    | Reached skill level 1 in Dodging
  3540 | Sewer    | Reached skill level 5 in Armour
  3702 | D:4      | Reached XP level 6. HP: 50/53 MP: 5/5
  3831 | D:4      | Reached skill level 5 in Shields
  3901 | D:4      | Identified the -4 helmet "Otevik" {rN+ Regen+ Int+3 Dex-5}
  4211 | D:5      | Entered Level 5 of the Dungeon
  4217 | D:5      | Reached skill level 5 in Long Blades
  4222 | D:5      | HP: 2/55 [ogre (21)]
  4224 | D:5      | Demolished by an ogre

Illustrated notes

Levels and vault maps discovered:
D:1:      dpeg_arrival_tiny_d, layout_rooms,
          hellmonk_ecumenical_altar_dog_temple, kennysheep_boxes
D:2:      layout_basic, serial_shops, nicolae_shop_overgrown_old_shop
D:3:      layout_basic
D:4:      layout_loops_ring, minmay_temple_entry_wispy,
          cheibrodos_sewer_entry_drain
D:5:      layout_basic, kennysheep_path_1

Skill      XL: |  1  2  3  4  5  6 |
---------------+-------------------+-----
Armour         | 4 5 |  5.4
Fighting       | 4 |  4.8
Shields        | 4 5 |  5.2
Long Blades    | 3 4 5 |  5.3
Dodging        | 1 2 |  2.2
Stealth        | |  0.3

Action                   |  1- 3 |  4- 6 || total
-------------------------+-------+-------++-------
Melee: Long sword        |    81 |   157 ||   238
       Headbutt          |    10 |    25 ||    35
  Use: Scroll            |       |    10 ||    10
       Potion            |       |     4 ||     4
Armor: Scale mail        |    54 |    87 ||   141
Dodge: Dodged            |    24 |    70 ||    94
Block: Kite shield       |    49 |   110 ||   159
       Rpst.: Long sword |     8 |    12 ||    20
